 Dungeon Crawl Stone Soup version 0.29-a0-414-g5075937ec3 (webtiles) character file.

Game seed: 1756985583164714750

10942 trckry the Reanimator (level 11, -1/68 HPs)
             Began as a Mummy Necromancer on May 16, 2022.
             Was an Initiate of Gozag.
             Slain by a manticore (5 damage)
             ... on level 11 of the Dungeon.
             The game lasted 00:52:09 (14247 turns).

trckry the Reanimator (Mummy Necromancer)          Turns: 14247, Time: 00:52:09

Health: -1/68      AC: 10    Str: 12    XL:     11   Next: 42%
Magic:  0/35       EV: 12    Int: 18    God:    Gozag
Gold:   153        SH:  0    Dex: 13    Spells: 29/33 levels left

rFire   . . .      SeeInvis .   C - +7 hand axe (freeze)
rCold   + + .      Faith    .   (no shield)
rNeg    + + +      Spirit   .   r - +2 robe {Archmagi}
rPois   ∞          Reflect  .   y - +0 helmet
rElec   +          Harm     .   (no cloak)
rCorr   +          Rampage  .   j - +0 pair of gloves
Will    +....      Archmagi +   (no boots)
Stlth   ++........              (no amulet)
HPRegen 0.21/turn               l - +4 ring of protection
MPRegen 0.24/turn               s - ring of magical power

@: resistant, spiked
A: cold resistance 1, negative energy resistance 3, torment resistance 2, heat
vulnerability 1, in touch with death 1, no potions
a: Renounce Religion, Potion Petition, Call Merchant, Bribe Branch


You were on level 11 of the Dungeon.
You worshipped Gozag.
Gozag was aware of your devotion.
You visited 2 branches of the dungeon, and saw 12 of its levels.
You also visited: Bailey.

You collected 1771 gold pieces.
You paid 1618 gold pieces to Gozag.

Inventory:

Hand Weapons
 C - a +7 hand axe of freezing (weapon)
Missiles
 c - 17 poisoned darts (quivered)
Armour
 g - a +0 buckler
 j - a +0 pair of gloves (worn)
 r - a +2 robe of the Archmagi (worn)
 t - a +0 troll leather armour
 u - a +0 pair of boots
 v - +0 steam dragon scales
 y - a +0 helmet (worn)
Jewellery
 l - a +4 ring of protection (left hand)
 s - a ring of magical power (right hand)
 w - a +4 ring of evasion
 z - a ring of ice
Wands
 b - a wand of paralysis (5)
 m - a wand of acid (20)
 q - a wand of iceblast (8)
 D - a wand of charming (2)
Scrolls
 d - 5 scrolls of teleportation {unknown}
 e - 5 scrolls of fog {unknown}
 f - 10 scrolls of identify {unknown}
 h - a scroll of amnesia {unknown}
 i - a scroll of immolation
 k - 4 scrolls of enchant weapon
 n - 2 scrolls of torment {unknown}
 o - 4 scrolls of poison {unknown}
 p - 3 scrolls of magic mapping {unknown}
 x - a scroll of vulnerability {unknown}
 A - 4 scrolls of enchant armour
 B - 5 scrolls of summoning
 E - a scroll of noise {unknown}
Miscellaneous
 a - a phial of floods


   Skills:
 - Level 1.5 Dodging
 - Level 1.5 Stealth
 - Level 6.0 Shields
 + Level 11.8 Spellcasting
 * Level 14.1 Necromancy


You had 29 spell levels left.
You knew the following spells:

 Your Spells              Type           Power      Damage    Failure   Level
a - Pain                  Necr           100%       1d9       1%          1
b - Vampiric Draining     Necr           95%        2d12      1%          3

Your spell library contained the following spells:

 Spells                   Type           Power      Damage    Failure   Level
 Animate Skeleton         Necr           100%       N/A       1%          1
 Animate Dead             Necr           47%        N/A       1%          4
 Agony                    Necr           95%        N/A       1%          5
 Excruciating Wounds      Necr           47%        N/A       1%          5
 Conjure Flame            Conj/Fire      15%        6-21      21%         3
 Gell's Gravitas          Tloc           15%        N/A       21%         3
 Ignite Poison            Fire/Tmut/Pois 15%        N/A       21%         3
 Lesser Beckoning         Tloc           15%        N/A       21%         3
 Teleport Other           Tloc           15%        N/A       21%         3
 Sticky Flame             Conj/Fire      15%        2d4       54%         4


Dungeon Overview and Level Annotations

Branches:
Dungeon (11/15)            Temple (1/1) D:6            Lair (0/6) D:10
    Orc (0/2) D:10         Bailey (visited)

Altars:
Ashenzari
Cheibriados
Dithmenos
Elyvilon
Fedhas
Gozag
Hepliaklqana
Kikubaaqudgha
Makhleb
Nemelex Xobeh
Okawaru
Qazlal
Ru
Sif Muna
Trog
Uskayaw
Vehumet
Wu Jian
Xom
Yredelemnul
Zin
The Shining One
Lugonu

Portals:
Abyss: D:8
Ice
Cave: D:11

Annotations:
D:3 1 runed translucent door, samgaumpmail's ghost, amateur DgIE
D:4 exclusion: necrophage
D:5 1 runed translucent door, purpskrrrp's ghost, weakling HODe
D:8 2 runed translucent doors


Innate Abilities, Weirdness & Mutations

You are immune to poison.
Your flesh is cold resistant. (rC+)
You are immune to negative energy. (rN+++)
You are immune to unholy pain and torment.
You are vulnerable to heat. (rF-)
You are in touch with the powers of death.
You do not drink.


Message History

You feel a strong surge of power!
The manticore writhes in agony.
You now have 4/35 mp.
Casting: Pain (safe; 1% risk of failure)
Confirm with . or Enter, or press ? or * to list all spells.
Aiming: Pain (safe; 1% risk of failure)
Press: ? - help, Shift-Dir - straight line, f/p - manticore
Aim: a manticore (lightly wounded, chance to affect: 70%)
You feel a strong surge of power!
The manticore writhes in agony.
The manticore flicks its tail.
The volley of spikes hits you.
The barbed spikes become lodged in your body.
* * * LOW HITPOINT WARNING * * *
You take 5 damage, and have 9/68 hp.
You now have 3/35 mp.
Casting: Pain (safe; 1% risk of failure)
Confirm with . or Enter, or press ? or * to list all spells.
Aiming: Pain (safe; 1% risk of failure)
Press: ? - help, Shift-Dir - straight line, f/p - manticore
Aim: a manticore (lightly wounded, chance to affect: 70%)
You feel a strong surge of power!
The manticore writhes in agony.
Casting: Pain (safe; 1% risk of failure)
Confirm with . or Enter, or press ? or * to list all spells.
Aiming: Vampiric Draining (safe; 1% risk of failure)
Press: ? - help, Shift-Dir - straight line, f/p - manticore
Aim: a manticore (moderately wounded)
You feel a strong surge of power!
You draw life force from the manticore!
You feel life coursing into your body. The manticore bites you.
* * * LOW HITPOINT WARNING * * *
The manticore claws you.
* * * LOW HITPOINT WARNING * * *
The manticore claws you.
* * * LOW HITPOINT WARNING * * *
You take 6 damage, and have 3/68 hp.
You now have 0/35 mp.
Okay, then.
Unknown command.
Unknown command.
You barely miss the manticore.
The manticore is heavily wounded.
The manticore bites you.
You die...
Your body crumbles into a pile of gold.

... .... ≈.....#
....#####≈.....#
.......∩#≈.....#
≈.....#≈.....# #
#≈...#≈....#
.≈#≈..#.....# $
#+≈#.@H.....#
#...≈..$....#
.....
+...#.......##
#...#
#..?+........#
#...# .<..
#........# #...#
..... #........#
#...# ....
#........# #...#
.... #........#
#...#
#...######..#


You could see a manticore.

Vanquished Creatures
  Snorg (D:10)
  A two-headed ogre (D:11)
  Pikel (D:7)
  A manticore (D:11)
  An elephant (D:10)
  Psyche (D:8)
  2 rime drakes (D:11)
  A komodo dragon (D:11)
  Maggie (D:7)
  2 trolls
  12 yaks
  A steam dragon (D:9)
  3 vampire mosquitoes (D:11)
  3 black bears
  14 orc warriors
  An ice beast (D:6)
  2 ogres
  3 centaurs
  2 lemures (D:7)
  Blork the orc (D:4)
  A bullfrog (D:7)
  A gnoll sergeant (D:8)
  3 scorpions
  4 wights
  11 killer bees
  An electric eel (D:9)
  6 howler monkeys (D:9)
  2 gnoll shamans (D:7)
  3 hounds
  A jelly (D:7)
  6 orc priests
  2 iguanas
  11 orc wizards
  22 gnolls
  9 adders
  2 shadow imps
  4 white imps
  An ufetubus (D:5)
  2 worms
  4 dart slugs
  48 orcs
  13 ball pythons
  8 endoplasms
  7 giant cockroaches
  7 goblins
  5 hobgoblins
  7 jackals
  11 kobolds
  3 quokkas (D:4)
  A bat (D:1)
  2 frilled lizards
  6 rats
268 creatures vanquished.

Vanquished Creatures (others)
  3 fungi (D:10)
  13 plants
16 creatures vanquished.

Grand Total: 284 creatures vanquished

Notes
Turn   | Place    | Note
-------+----------+-------------------------------------------
     0 | D:1      | trckry the Mummy Necromancer began the quest for the Orb.
     0 | D:1      | Reached XP level 1. HP: 13/13 MP: 4/4
   357 | D:1      | Reached XP level 2. HP: 19/19 MP: 1/6
   954 | D:1      | Found a faded altar of an unknown god.
  1113 | D:2      | HP: 1/19 [adder (2)]
  1115 | D:2      | Gained mutation: You are in touch with the powers of death.
                  | [Mummy growth]
  1115 | D:2      | Reached XP level 3. HP: 2/24 MP: 0/7
  1399 | D:2      | Learned a level 3 spell: Vampiric Draining
  2490 | D:3      | Reached skill level 5 in Necromancy
  2565 | D:3      | Reached XP level 4. HP: 19/30 MP: 9/9
  2784 | D:3      | Reached skill level 1 in Shields
  3192 | D:3      | Found a runed translucent door.
  3194 | D:3      | Noticed samgaumpmail's ghost (amateur DgIE)
  3197 | D:3      | Noticed a kobold brigand
  3561 | D:3      | Reached XP level 5. HP: 35/35 MP: 7/11
  4125 | D:4      | Identified the +4 ring mail "Gazee" {Fly rElec Int-2 Dex+2}
  4137 | D:4      | Found a hide-covered altar of Uskayaw.
  4137 | D:4      | Noticed a +0 short sword
  4137 | D:4      | Noticed a +0 spear
  4137 | D:4      | Noticed a +0 falchion
  4138 | D:4      | Noticed a +0 dagger
  4139 | D:4      | Noticed a +0 short sword
  4139 | D:4      | Noticed a +0 dagger
  4139 | D:4      | Noticed a +0 spear
  4141 | D:4      | Noticed a +0 falchion
  4324 | D:4      | Noticed Blork the orc
  4379 | D:4      | Killed Blork the orc
  4669 | D:4      | Reached skill level 6 in Necromancy
  4669 | D:4      | Reached XP level 6. HP: 40/41 MP: 8/12
  4818 | D:5      | Entered Level 5 of the Dungeon
  4818 | D:5      | Noticed purpskrrrp's ghost (weakling HODe)
  4818 | D:5      | Found a runed translucent door.
  5276 | D:5      | Reached skill level 5 in Spellcasting
  5747 | D:5      | Reached XP level 7. HP: 41/46 MP: 14/14
  6100 | D:5      | Reached skill level 7 in Necromancy
  6508 | D:6      | Found a staircase to the Ecumenical Temple.
  6615 | Temple   | Entered the Ecumenical Temple
  6901 | D:6      | Reached XP level 8. HP: 52/52 MP: 17/17
  7310 | D:6      | Reached skill level 8 in Necromancy
  8131 | D:7      | Reached skill level 9 in Necromancy
  8216 | D:7      | Noticed a troll
  8226 | D:7      | Killed a troll
  8227 | D:7      | Reached XP level 9. HP: 56/57 MP: 19/20
  8759 | D:7      | Found a hazy altar of Hepliaklqana.
  8765 | D:7      | Found a sacrificial altar of Ru.
  8765 | D:7      | Found a burning altar of Makhleb.
  8766 | D:7      | Found an opulent altar of Gozag.
  8767 | D:7      | Found an iron altar of Okawaru.
  8769 | D:7      | Became a worshipper of Gozag Ym Sagoz the Greedy
  8771 | D:7      | Found an ancient bone altar of Kikubaaqudgha.
  8773 | D:7      | Found a shadowy altar of Dithmenos.
  8872 | D:7      | Noticed Maggie
  8904 | D:7      | Killed Maggie
  8905 | D:7      | Reached skill level 5 in Shields
  8905 | D:7      | Reached skill level 10 in Necromancy
  9009 | D:7      | Noticed Pikel
  9178 | D:7      | Killed Pikel
  9225 | D:8      | Found a large runed translucent door.
  9262 | D:8      | Found a large runed translucent door.
  9275 | D:8      | Found a corrupted altar of Lugonu.
  9275 | D:8      | Noticed a green ugly thing
  9276 | D:8      | Noticed a purple ugly thing
  9278 | D:8      | Identified the +4 dagger of Valour {distort, rC+++ rCorr
                  | Dex-3}
  9278 | D:8      | Noticed a kobold demonologist
  9799 | D:8      | Found a one-way gate to the infinite horrors of the Abyss.
 10184 | D:8      | Noticed Psyche
 10188 | D:8      | Killed Psyche
 10189 | D:8      | Reached skill level 11 in Necromancy
 10189 | D:8      | Reached XP level 10. HP: 63/63 MP: 23/23
 10232 | D:8      | Found a radiant altar of Vehumet.
 10232 | D:8      | Found a snail-covered altar of Cheibriados.
 10522 | D:9      | Found a flagged portal.
 10583 | Bailey   | Entered a bailey
 11385 | D:9      | Reached skill level 12 in Necromancy
 11392 | D:9      | Reached skill level 10 in Spellcasting
 12607 | D:10     | Entered Level 10 of the Dungeon
 12612 | D:10     | Noticed Snorg
 12627 | D:10     | Killed Snorg
 12777 | D:10     | Found a staircase to the Orcish Mines.
 12806 | D:10     | Reached skill level 13 in Necromancy
 12825 | D:10     | Reached XP level 11. HP: 68/68 MP: 3/25
 13067 | D:10     | Identified the +1 falchion of Anger {drain, rPois Str+3
                  | Int+7 Dex+3}
 13368 | D:10     | Found a staircase to the Lair.
 13725 | D:10     | Found a shimmering blue altar of Sif Muna.
 13820 | D:11     | Noticed a two-headed ogre
 13834 | D:11     | Killed a two-headed ogre
 13942 | D:11     | HP: 8/68 [vampire mosquito (6)]
 14221 | D:11     | Reached skill level 14 in Necromancy
 14226 | D:11     | Found a frozen archway.
 14244 | D:11     | HP: 9/68 [manticore/volley of spikes (5)]
 14246 | D:11     | HP: 3/68 [manticore (3)]
 14247 | D:11     | Slain by a manticore

Illustrated notes

Levels and vault maps discovered:
D:1:      dpeg_arrival_central, layout_basic, nicolae_ecumenical_snake_handling
D:2:      layout_basic
D:3:      minmay_spotlight, layout_basic, ebering_ghost_inner_flame,
          chequers_arboretum
D:4:      layout_basic, nicolae_uskayaw_en_pointe, uniq_blork_the_orc
D:5:      layout_gridville, hellmonk_ghost_happy_afterlife, kennysheep_boxes
D:6:      layout_loops_ring, minmay_temple_entry_mist
D:7:      layout_basic, minitemple, uniq_pikel, uniq_maggie
D:8:      due_chaos_kobolds, layout_rooms, mainiacjoe_overflow_large_starburst,
          kennysheep_big_empty_room, uniq_psyche
D:9:      layout_basic, serial_bayou, serial_bayou_lagoon_a,
          serial_bayou_pond_d, serial_bayou_shore_b, serial_bayou_pond_a,
          enter_bailey_5
D:10:     layout_rooms, lemuel_blue_sif_altar, david_lair_generic, orc_0_dummy,
          uniq_snorg
D:11:     layout_irregular_city, serial_column_ruins,
          column_ruins_columns_dead_end, column_ruins_open_tiny,
          column_ruins_open_tiny, portal_ice_cave_rime, nzn_sisyphean_effort
Temple:   compressed_dpeg_triangle_lava_temple

Skill      XL: |  1  2  3  4  5  6  7  8  9 10 11 |
---------------+----------------------------------+-----
Spellcasting   | 3 4 5 6 7 9 10 11 | 11.8
Necromancy     | 5 6 7 9 11 13 14 | 14.1
Shields        | 1 2 3 4 5 6 |  6.0
Dodging        | |  1.5
Stealth        | |  1.5

Action                   |  1- 3 |  4- 6 |  7- 9 | 10-12 || total
-------------------------+-------+-------+-------+-------++-------
Melee: Short sword       |    18 |   114 |   112 |     1 ||   245
       Punch             |       |     1 |     2 |     2 ||     5
       Hand axe          |       |       |    27 |   160 ||   187
Throw: Dart              |    13 |     1 |    10 |    15 ||    39
 Cast: Pain              |    71 |    69 |    97 |    24 ||   261
       Vampiric Draining |     2 |     4 |    98 |   131 ||   235
Invok: Potion Petition   |       |       |       |     3 ||     3
 Stab: Sleeping          |     1 |     4 |       |       ||     5
       Invisible         |       |       |       |     2 ||     2
Armor: Robe              |    12 |    56 |    96 |   113 ||   277
Dodge: Dodged            |    20 |    60 |   151 |   163 ||   394

Table legend: (Time is in decaauts)
 A = Elapsed time spent in this place.
 B = Non-inter-level travel time spent in this place.
 C = Inter-level travel time spent in this place.
 D = Time resting spent in this place.
 E = Time spent auto-exploring this place.
 F = Levels seen in this place.
 G = Mean time per level.
                   A        B        C        D        E       F      G
               +--------+--------+--------+--------+--------+-----+--------+
         Total |  14348 |  14000 |    348 |   1256 |   9350 |  13 | 1103.7 |
       Dungeon |  13458 |  13115 |    343 |    949 |   9063 |  11 | 1223.5 |
        Temple |    241 |    236 |      5 |      0 |    228 |   1 |  241.0 |
        Bailey |    648 |    648 |      0 |    307 |     59 |   1 |  648.0 |
               +--------+--------+--------+--------+--------+-----+--------+

Top non-repeatable levels by time:
     D:7: 1682 daAuts
     D:9: 1638 daAuts
     D:2: 1555 daAuts
     D:5: 1472 daAuts
    D:10: 1153 daAuts
     D:8: 1150 daAuts
     D:4: 1111 daAuts
     D:1: 1095 daAuts
     D:3: 1063 daAuts
     D:6: 1046 daAuts
  Bailey: 648 daAuts
    D:11: 488 daAuts
  Temple: 241 daAuts
